 Dungeon Crawl Stone Soup version 0.19-a0-1238-gee6bd96 (webtiles) character file.

135 TheGoonsmith the Caller (level 4, 0/24 HPs)
             Began as a Deep Elf Summoner on Aug 26, 2016.
             Slain by a vampire bat (3 damage)
             ... on level 3 of the Dungeon.
             The game lasted 00:07:11 (2570 turns).

TheGoonsmith the Caller (Deep Elf Summoner)         Turns: 2570, Time: 00:07:11

Health: 0/24       AC:  4    Str:  5    XL:     4   Next: 96%
Magic:  2/12       EV: 13    Int: 20    God:
Gold:   188        SH:  0    Dex: 16    Spells: 4 memorised, 2 levels left

rFire  . . .     SeeInvis .     d - +0 short sword (venom)
rCold  . . .     Gourm    .     a - +0 robe
rNeg   . . .     Faith    .     (no shield)
rPois  .         Spirit   .     m - +2 hat
rElec  .         Dismiss  .     (no cloak)
rCorr  .         Reflect  .     (no gloves)
MR     .....     Harm     .     (no boots)
Stlth  ++........               (no amulet)
                                (no ring)
                                (no ring)

@: no status effects
A: no striking features
a: no special abilities


You were on level 3 of the Dungeon.
You were hungry.

You visited 1 branch of the dungeon, and saw 3 of its levels.

You collected 188 gold pieces.

Inventory:

Hand Weapons
 d - a +0 short sword of venom (weapon)
Armour
 a - a +0 robe (worn)
 m - a +2 hat (worn)
 s - a +0 helmet
Jewellery
 g - an uncursed ring of poison resistance {unknown}
 k - an uncursed ring of magical power {unknown}
Scrolls
 f - a scroll of recharging {unknown}
 h - 5 scrolls of identify {unknown}
 l - a scroll of fog {unknown}
 n - 2 scrolls of magic mapping {unknown}
 o - 3 scrolls of blinking {unknown}
 p - a scroll of teleportation {unknown}
 q - 2 scrolls of amnesia {unknown}
 y - a scroll of fear {unknown}
 z - a scroll of random uselessness {unknown}
 A - a scroll of remove curse {unknown}
Potions
 e - a potion of curing {unknown}
 i - 4 potions of agility {unknown}
 r - 2 potions of beneficial mutation {unknown}
 t - 2 potions of heal wounds {unknown}
 u - a potion of cure mutation {unknown}
 v - a potion of magic {unknown}
 B - a potion of brilliance {unknown}
 D - a potion of degeneration {unknown}
Books
 b - a book of Callings

   Spells                             Type                      Level
   a - Summon Small Mammal            Summoning                    1
   b - Call Imp                       Summoning                    2
   c - Call Canine Familiar           Summoning                    3
   d - Summon Guardian Golem          Hexes/Summoning              3
   e - Summon Lightning Spire         Summoning/Air                4
   f - Summon Ice Beast               Ice/Summoning                4
Comestibles
 c - 4 bread rations
 j - 2 beef jerkies
 w - a meat ration
 x - a slice of pizza
 C - 2 fruits


   Skills:
 - Level 2.4 Dodging
 - Level 2.4 Stealth
 + Level 4.7 Spellcasting
 + Level 5.9 Summonings
 + Level 1.2 Ice Magic


You had 2 spell levels left.
You knew the following spells:

 Your Spells              Type           Power        Failure   Level  Hunger
a - Summon Small Mammal   Summ           ####         1%          1    None
b - Call Imp              Summ           ####....     1%          2    #......
c - Call Canine Familiar  Summ           ####....     3%          3    ##.....
d - Summon Ice Beast      Ice/Summ       ###.....     30%         4    ####...


Dungeon Overview and Level Annotations

Branches:
Dungeon (3/15)

Altars:
Kikubaaqudgha
Uskayaw

Annotations:
D:3 Ellandar's ghost, amateur MiFi


Message History

The vampire bat misses your crimson imp.
Something bites your crimson imp.
The vampire bat misses your crimson imp.
Your hound barely misses the vampire bat.
Your crimson imp blinks!
Your white imp gestures at the vampire bat.
The puff of frost hits the vampire bat.
The vampire bat is destroyed!
Your Ice Magic skill increases to level 1!
The vampire bat bites you.
* * * LOW HITPOINT WARNING * * *
The vampire bat draws strength from your injuries!
The vampire bat bites something but does no damage.
Your hound closely misses the vampire bat.
Unknown command.
Casting: Call Imp
Confirm with . or Enter, or press ? or * to list all spells.
A beastly little devil appears in a puff of flame.
The vampire bat bites you.
You die...

#.#### #.# ##(## #.#
########## #.#######.#
##.⌠.⌠ #.........# ##..._.
#.######### #.#.⌠.⌠ # ###.#
.⌠.#...#.⌠.##.#
##.#.#.#.#.###.#
#.#.⌠.#.⌠5#.##.#
##.#.#.#5#@###.# #########
#.⌠.#.⌠.#b⌠.##.####.......#
#.#.#.#h#.##.......#####.#
##.⌠.#.⌠5###...##### #.#
#.#.#.#.#.##....# #.#
#..#.⌠.#..##...## #.#
#.#.#.#.#.###.## #.#
##.⌠.#.⌠.## #.# ######.#
##.....## #)# #.......


You could see a vampire bat, a friendly hound, a friendly crimson imp and a
friendly white imp.

Vanquished Creatures
  An orc wizard (D:3)
  2 adders (D:3)
  A giant gecko (D:2)
  A bat skeleton (D:3)
  A bat zombie (D:3)
  6 goblins
  3 hobgoblins (D:2)
  A kobold (D:3)
  A quokka (D:2)
  3 bats
  A giant newt (D:1)
  6 rats
27 creatures vanquished.

Vanquished Creatures (collateral kills)
  A vampire bat (D:3)
  Robin (D:2)
  An adder (D:3)
  A worm (D:3)
  2 giant geckos
  7 orcs (D:3)
  2 ball pythons
  3 bat skeletons (D:3)
  A bat zombie (D:3)
  2 giant cockroaches
  8 goblins
  5 hobgoblins
  3 jackals (D:1)
  2 kobolds
  A quokka (D:2)
  2 bats
  4 rats
46 creatures vanquished.

Grand Total: 73 creatures vanquished

Notes
Turn   | Place    | Note
-------+----------+-------------------------------------------
     0 | D:1      | TheGoonsmith the Deep Elf Summoner began the quest for the Orb.
     0 | D:1      | Reached XP level 1. HP: 10/10 MP: 6/6
   138 | D:1      | Reached XP level 2. HP: 15/15 MP: 5/8
   145 | D:1      | Learned a level 2 spell: Call Imp
   520 | D:2      | Noticed Robin
   547 | D:2      | Reached skill level 5 in Summonings
   942 | D:2      | Reached XP level 3. HP: 13/19 MP: 2/10
   957 | D:2      | Killed Robin
  1689 | D:3      | Reached XP level 4. HP: 23/24 MP: 6/12
  1848 | D:3      | Learned a level 3 spell: Call Canine Familiar
  1853 | D:3      | Learned a level 4 spell: Summon Ice Beast
  2093 | D:3      | Noticed Ellandar's ghost (amateur MiFi)
  2251 | D:3      | Found a hide-covered altar of Uskayaw.
  2536 | D:3      | Found an ancient bone altar of Kikubaaqudgha.
  2568 | D:3      | Reached skill level 1 in Ice Magic
  2570 | D:3      | Slain by a vampire bat

Vault maps used:
D:1:      dpeg_arrival_tiny_a
D:2:      uniq_robin
D:3:      overflow_temple_1_default, kennysheep_vampire_church,
          eat_drink_and_be_merry_uskayaw, first_bread

Skill      XL: |  1  2  3  4 |
---------------+-------------+-----
Summonings     | 5 |  5.9
Spellcasting   | 4 |  4.7
Ice Magic      | 1 |  1.2
Dodging        | |  2.4
Stealth        | |  2.4

Action                   |  1- 3 |  4- 6 || total
-------------------------+-------+-------++-------
Melee: Short sword       |    59 |    34 ||    93
 Cast: Summon Small Mamm |    20 |       ||    20
       Call Imp          |    23 |    19 ||    42
       Call Canine Famil |       |     8 ||     8
 Stab: Distracted        |     1 |       ||     1
       Sleeping          |       |     2 ||     2
  Eat: Chunk             |     3 |     3 ||     6
Armor: Robe              |    31 |    43 ||    74
Dodge: Dodged            |    70 |    81 ||   151
